 Dungeon Crawl Stone Soup version 0.31.0-32-g396128a36d (webtiles) character file.

Game seed: 16648979409411073348

114901 MisterFreud the Spry (level 16, -12/85 HPs)
             Began as a Felid Berserker on Feb 23, 2024.
             Was the Champion of Trog.
             Mangled by a merfolk
             ... wielding a +0 trident
              (23 damage)
             ... on level 2 of the Shoals on Mar 30, 2024.
             The game lasted 00:47:46 (23662 turns).

MisterFreud the Spry (Felid Berserker)             Turns: 23662, Time: 00:47:47

Health: -12/85     AC:  3    Str: 13    XL:     16   Next: 17%
Magic:  0/17       EV: 40    Int: 12    God:    Trog [******]
Gold:   932        SH:  0    Dex: 20    Spells: 15/15 levels left
                                        Lives:  0   Deaths: 3

rFire   . .          .
                       - Unarmed
rCold   + + .        (shield unavailable)
rNeg    . . .        (body armour unavailable)
rPois   +            (helmet unavailable)
rElec   +            (cloak unavailable)
rCorr   .            (gloves unavailable)
SInv    +            (boots unavailable)
Will    +++++        q - amulet of Ceip {Spirit Regen+}
Stlth   ++++++       H - ring of Ostremp {rElec rPois rC+ Will+++ Dex-3}
HPRegen 2.14/turn    G - +5 ring of evasion
MPRegen 0.15/turn

%: guardian spirit
@: strong-willed, regenerating, studying Evocations
A: very small, claws 1, fangs 3, see invisible, shaggy fur 3, stealthy paws, no
weapons or thrown items, no armour, multi-lived
a: Renounce Religion, Berserk, Trog's Hand, Brothers in Arms


You were on level 2 of the Shoals.
You worshipped Trog.
Trog was exalted by your worship.
You visited 4 branches of the dungeon, and saw 24 of its levels.
You also visited: Ossuary and Ice Cave.

You collected 2289 gold pieces.
You spent 1357 gold pieces at shops.

Inventory:

Jewellery
 o - a ring of fire
 q - the amulet of Ceip (around neck) {Spirit Regen+}
   (You found it on level 5 of the Dungeon)

   [amulet of guardian spirit]

   Spirit:    It causes incoming damage to be divided between your reserves of
   health and magic.
   Regen+:    It increases your rate of health regeneration.
 t - a ring of magical power
 y - a ring of resist corrosion
 G - a +5 ring of evasion (right paw)
 H - the ring of Ostremp (left paw) {rElec rPois rC+ Will+++ Dex-3}
   (You found it in an ice cave)

   [ring of poison resistance]

   Dex-3:     It affects your dexterity (-3).
   rC+:       It protects you from cold.
   rElec:     It insulates you from electricity.
   rPois:     It protects you from poison Will+++: It greatly increases your
   willpower.
 M - an amulet of reflection
 N - a +6 ring of strength
 P - an amulet of the acrobat
Talismans
 J - a granite talisman
Wands
 c - a wand of flame (15)
 h - a wand of acid (16)
 p - a wand of polymorph (13)
 r - a wand of roots (19)
 s - a wand of digging (14)
 w - a wand of paralysis (19)
Scrolls
 f - a scroll of immolation
 g - 4 scrolls of fear
 j - 3 scrolls of teleportation
 u - 9 scrolls of fog
 x - 2 scrolls of torment
 B - 4 scrolls of vulnerability
 E - 3 scrolls of revelation
 I - a scroll of poison
 L - 2 scrolls of identify
Potions
 a - 5 potions of mutation
 b - 4 potions of heal wounds
 d - 8 potions of curing
 e - 2 potions of invisibility
 i - 2 potions of haste
 k - 5 potions of resistance
 l - 3 potions of might
 m - 2 potions of cancellation
 v - 3 potions of enlightenment
 z - a potion of ambrosia
 A - 2 potions of lignification
 C - 4 potions of brilliance
 D - 2 potions of attraction
 F - a potion of berserk rage
Miscellaneous
 K - a condenser vane
 O - a phial of floods


   Skills:
 - Level 10.0 Fighting
 + Level 20.4 Dodging
 - Level 15.0 Stealth
 + Level 19.3 Unarmed Combat
 + Level 13.2 Evocations
 * Level 6.2 Shapeshifting


You had 15 spell levels left.
You didn't know any spells.
Your spell library was empty.

Dungeon Overview and Level Annotations

Branches:
Dungeon (15/15)            Temple (0/1) D:6            Lair (5/5) D:9
 Shoals (2/4) Lair:3       Spider (0/4) Lair:3        Slime (0/5) Lair:5
    Orc (2/2) D:12            Elf (0/3) Orc:2        Vaults (0/5) D:13
 Depths (0/4) D:15        Ossuary (visited)           IceCv (visited)

Altars:
Ashenzari
Cheibriados
Fedhas
Gozag
Hepliaklqana
Kikubaaqudgha
Makhleb
Okawaru
Ru
Sif Muna
Vehumet
Zin
The Shining One

Shops:
D:8 [   D:10 *   D:15 :   Orc:2 *([*[?=*

Portals:
Pandemonium: Orc:2

Annotations:
D:8 4 transporters
D:12 exclusion: statue
D:15 1 runed translucent door
Lair:2 2 transporters
Orc:1 3 runed translucent doors, Naphax's ghost, journeyman TrMo


Innate Abilities, Weirdness & Mutations

You have sharp claws.
You have razor-sharp teeth.
You have supernaturally acute eyesight. (SInv)
Your thick and shaggy fur keeps you warm. (AC +3, rC+)
Your paws help you pounce on unaware monsters.
You are incapable of wielding weapons or throwing items.
You cannot wear armour.
You gain extra lives every three experience levels.


Message History

Moving in this stuff is going to be slow.
The merfolk shouts!
The merfolk completely misses you.
The merfolk hits you from afar with a +0 trident.
The merfolk hits you with a +0 trident!
Your unstable footing causes you to fumble your attack.
The merfolk completely misses you.
Your unstable footing causes you to fumble your attack.
The merfolk hits you with a +0 trident!
Your unstable footing causes you to fumble your attack.
You scratch the merfolk.
The merfolk is lightly wounded.
The merfolk completely misses you.
Your unstable footing causes you to fumble your attack.
The merfolk completely misses you.
You scratch the merfolk. Your claw misses the merfolk.
The merfolk is lightly wounded.
You barely miss the merfolk. Your claw misses the merfolk.
The merfolk is lightly wounded.
The merfolk hits you with a +0 trident!
Your unstable footing causes you to fumble your attack.
A water nymph comes into view.
The merfolk barely misses you.
The water nymph shouts!
You claw the merfolk! You claw the merfolk, but do no damage.
The merfolk is moderately wounded.
Your unstable footing causes you to fumble your attack.
The merfolk misses you.
Your unstable footing causes you to fumble your attack.
The water nymph points at you and mumbles some strange words.
The water swirls and strikes you!!
The merfolk hits you with a +0 trident!!
* * * LOW HITPOINT WARNING * * *
The merfolk misses you. The merfolk hits you with a +0 trident!
* * * LOW HITPOINT WARNING * * *
Your skin crawls.
You feel strong-willed.
The merfolk hits you with a +0 trident!!
You die...

≈≈≈≈≈≈~~~~~~## ..~~..
≈≈≈≈≈≈≈~~~...##..~~..
≈≈≈≈≈~~..~.~~....~~..
≈≈≈≈~~....~m~~~~~~~~.
≈≈~~..###.~~~~~~~~~~
≈~~.# #..~~≈≈~~~~~
~~. ##.~~≈≈≈~~~~ ~.
###.m≈≈~~~~ #@~~≈~~~~
#.~~~~~~~ ###.~~~~~
#~~~~P .~~~~ .~~~P
~..~ ~.~


You could see a merfolk and a water nymph.

Vanquished Creatures
  Jorgrun (Orc:2)
  Mlioglotl (Shoals:1)
  Louise (Shoals:1)
  A dire elephant (D:15)
  Azrael (Orc:2)
  A fire dragon (D:14)
  4 merfolk impalers (Shoals:1)
  7 hydras
  An ogre mage (D:13)
  2 merfolk avatars
  2 two-headed ogres
  Erica (D:9)
  3 catoblepae (Lair:5)
  7 death yaks (Lair:5)
  A demonspawn (Orc:2)
  4 boulder beetles
  2 tengu warriors (D:15)
  7 orc high priests (Orc:2)
  A deep elf knight (D:13)
  A skyshark (Shoals:1)
  3 sea snakes (Shoals:1)
  5 harpies (Shoals:1)
  5 orc knights
  5 deep elf pyromancers
  2 wolf spiders (D:15)
  7 manticores
  2 ugly things (IceCv)
  4 orc sorcerers (Orc:2)
  3 fauns (Shoals:2)
  A salamander (D:15)
  5 cyclopes
  26 elephants
  A meliai (Lair:3)
  A water nymph (Shoals:1)
  3 merfolk sirens
  A kobold blastminer (Orc:2)
  3 black mambas
  3 ice statues (IceCv)
  2 smoke demons (Orc:2)
  3 gargoyles
  An orange demon (Orc:2)
  A kobold demonologist (D:13)
  8 cane toads
  Maggie (Lair:2)
  3 rime drakes
  11 yaktaurs
  Psyche (D:8)
  16 komodo dragons
  2 ice devils (Orc:2)
  A wind drake (Shoals:1)
  9 merfolk
  6 polar bears
  3 trolls
  A tyrant leech (Lair:5)
  2 hornets (D:8)
  Prince Ribbit (D:7)
  17 blink frogs
  9 slime creatures
  3 snapping turtles
  A water elemental (Lair:3)
  A centaur simulacrum (D:14)
  2 wraiths
  A dire elephant simulacrum (IceCv)
  A steam dragon (D:9)
  3 basilisks
  5 fire elementals (Orc:2)
  4 wargs
  8 wyverns
  76 yaks
  10 vampire mosquitoes
  5 death yak simulacra
  3 swamp worms (Lair:5)
  A harpy simulacrum (IceCv)
  2 acid dragons
  A hydra simulacrum (IceCv)
  17 water moccasins
  2 sky beasts
  29 orc warriors
  Duvessa (D:7)
  A hell hound (Orc:2)
  3 black bears
  2 ice beasts (D:8)
  4 laughing skulls
  8 ogres
  23 wolves
  11 centaurs
  A phantom (D:5)
  4 kobold brigands
  18 bullfrogs
  4 scorpions
  A cane toad simulacrum (Lair:3)
  7 wights
  A water moccasin skeleton (D:5)
  Dowan (D:7)
  23 killer bees
  3 howler monkeys
  5 electric eels
  3 bombardier beetles
  2 centaur zombies (Ossuary)
  2 hounds
  A centaur skeleton (D:5)
  22 orc priests
  A jelly (D:8)
  A sleepcap (D:5)
  3 iguanas
  16 orc wizards
  7 hell rats (Lair:1)
  2 polar bear simulacra (IceCv)
  2 wolf simulacra (Lair:3)
  A killer bee zombie (D:5)
  4 crocodile zombies (Ossuary)
  2 hound zombies (D:5)
  3 mummies (Ossuary)
  2 howler monkey zombies (D:5)
  7 adders
  A white imp (D:8)
  An adder zombie (D:5)
  4 dart slugs
  A ribbon worm (D:4)
  53 orcs
  5 endoplasms
  6 giant cockroaches
  5 goblins
  2 hobgoblins (D:3)
  2 jackals (D:3)
  5 quokkas
  6 ball pythons
  9 bats
  5 frilled lizards
  2 gnoll zombies (Ossuary)
  15 kobolds
  2 kobold zombies (Ossuary)
  9 rats
737 creatures vanquished.

Vanquished Creatures (others)
  A centaur warrior (D:15)
  An orc (Orc:1)
2 creatures vanquished.

Grand Total: 739 creatures vanquished

Notes
Turn   | Place    | Note
-------+----------+-------------------------------------------
     0 | D:1      | MisterFreud the Felid Berserker began the quest for the
                  | Orb.
     0 | D:1      | Reached XP level 1. HP: 12/12 MP: 2/2
    49 | D:1      | Reached skill level 1 in Stealth
   106 | D:1      | Reached XP level 2. HP: 12/16 MP: 3/3
   751 | D:2      | Reached XP level 3. HP: 20/20 MP: 4/4
   820 | D:2      | Found a shimmering blue altar of Sif Muna.
   991 | D:2      | Reached ** piety under Trog
  1216 | D:3      | Found a faded altar of an unknown god.
  1239 | D:3      | Reached XP level 4. HP: 9/24 MP: 5/5
  1239 | D:3      | Gained a life (2 lives remaining)
  1327 | D:3      | Found an iron altar of Okawaru.
  1592 | D:3      | Reached XP level 5. HP: 20/28 MP: 6/6
  1621 | D:3      | Reached skill level 5 in Stealth
  2066 | D:4      | Found a sand-covered staircase.
  2160 | Ossuary  | Entered an ossuary
  2169 | Ossuary  | Reached *** piety under Trog
  2170 | Ossuary  | Reached skill level 5 in Unarmed Combat
  2182 | Ossuary  | HP: 1/28 [crocodile zombie (11)]
  2254 | Ossuary  | Gained mutation: You are covered in thick fur. (AC +2)
                  | [Felid growth]
  2254 | Ossuary  | Reached XP level 6. HP: 26/32 MP: 7/7
  2410 | D:4      | Found a glowing golden altar of the Shining One.
  2410 | D:4      | Found a hazy altar of Hepliaklqana.
  2483 | D:4      | Noticed a water moccasin
  2492 | D:4      | Killed a water moccasin
  2493 | D:4      | Reached skill level 5 in Dodging
  2793 | D:4      | Found a snail-covered altar of Cheibriados.
  2868 | D:5      | Entered Level 5 of the Dungeon
  2876 | D:5      | Reached skill level 6 in Dodging
  2876 | D:5      | Reached XP level 7. HP: 36/36 MP: 8/8
  2880 | D:5      | Found a broken altar of Ashenzari.
  3016 | D:5      | Reached skill level 7 in Dodging
  3049 | D:5      | Reached skill level 8 in Dodging
  3206 | D:5      | Found a shimmering blue altar of Sif Muna.
  3251 | D:5      | Found a burning altar of Makhleb.
  3323 | D:5      | Reached skill level 9 in Dodging
  3336 | D:5      | Reached XP level 8. HP: 30/40 MP: 9/9
  3362 | D:5      | Identified the amulet of Ceip {Spirit Regen+}
  3401 | D:6      | Found a staircase to the Ecumenical Temple.
  3715 | D:6      | Reached skill level 10 in Dodging
  3987 | D:6      | Reached skill level 5 in Fighting
  4498 | D:6      | Found a sacrificial altar of Ru.
  4566 | D:7      | Noticed Duvessa
  4567 | D:7      | Noticed Dowan
  4577 | D:7      | Killed Duvessa
  4668 | D:7      | Killed Dowan
  4724 | D:7      | Found an opulent altar of Gozag.
  4867 | D:7      | Reached XP level 9. HP: 48/48 MP: 10/10
  4898 | D:7      | Reached skill level 5 in Evocations
  5013 | D:7      | Noticed Prince Ribbit
  5023 | D:7      | Killed Prince Ribbit
  5437 | D:7      | Reached **** piety under Trog
  5438 | D:7      | Reached skill level 11 in Dodging
  5753 | D:8      | Found Zin's Purification Station.
  5753 | D:8      | Found a glowing silver altar of Zin.
  5760 | D:8      | Bought a potion of curing for 90 gold pieces
  5806 | D:8      | Noticed Psyche
  5832 | D:8      | Killed Psyche
  5833 | D:8      | Reached XP level 10. HP: 53/53 MP: 11/11
  6132 | D:8      | Reached skill level 12 in Dodging
  6295 | D:8      | Found a transporter.
  6305 | D:8      | Found a transporter.
  6306 | D:8      | Found a transporter.
  6362 | D:8      | Identified a scroll of acquirement
  6362 | D:8      | Acquired a manual of Evocations
  6395 | D:8      | Reached skill level 10 in Stealth
  6562 | D:8      | Noticed a manticore
  6562 | D:8      | Noticed a seven-headed hydra
  6570 | D:8      | Killed a manticore
  6907 | D:8      | Found Muism's Antique Armour Shoppe.
  7003 | D:8      | Reached skill level 13 in Dodging
  7078 | D:8      | Found a transporter.
  7303 | D:9      | Found a staircase to the Lair.
  7447 | D:9      | Reached XP level 11. HP: 44/56 MP: 12/12
  7464 | D:9      | Reached skill level 14 in Dodging
  7470 | D:9      | Reached skill level 10 in Unarmed Combat
  7739 | D:9      | Found an ancient bone altar of Kikubaaqudgha.
  7739 | D:9      | Found a blossoming altar of Fedhas.
  7912 | D:9      | Noticed Erica
  7918 | D:9      | Killed Erica
  8164 | D:10     | Entered Level 10 of the Dungeon
  8251 | D:10     | Found Dasch's General Store.
  9301 | D:11     | Noticed a deep elf pyromancer
  9309 | D:11     | Killed a deep elf pyromancer
  9762 | D:12     | Found a staircase to the Orcish Mines.
 10038 | D:12     | Reached skill level 15 in Dodging
 10163 | D:12     | Found a radiant altar of Vehumet.
 10442 | D:12     | Noticed a deep elf pyromancer
 10449 | D:12     | Killed a deep elf pyromancer
 10694 | D:13     | Reached skill level 10 in Evocations
 10699 | D:13     | Gained mutation: Your thick and shaggy fur keeps you warm.
                  | (AC +3, rC+) [Felid growth]
 10699 | D:13     | Reached XP level 12. HP: 39/65 MP: 8/13
 11023 | D:13     | Noticed a boulder beetle
 11055 | D:13     | Killed a boulder beetle
 11181 | D:13     | Noticed an ogre mage
 11196 | D:13     | Noticed a two-headed ogre
 11205 | D:13     | Reached skill level 16 in Dodging
 11570 | D:13     | Reached skill level 10 in Fighting
 11653 | D:13     | Killed a two-headed ogre
 11710 | D:13     | Killed an ogre mage
 11724 | D:13     | Found a gate to the Vaults.
 11820 | D:14     | Noticed a fire dragon
 11841 | D:14     | Killed a fire dragon
 12354 | D:14     | Noticed a boulder beetle
 12383 | D:14     | Killed a boulder beetle
 12738 | Lair:1   | Entered Level 1 of the Lair of Beasts
 12838 | Lair:1   | Reached XP level 13. HP: 72/72 MP: 14/14
 12931 | Lair:1   | Reached ***** piety under Trog
 14145 | Lair:2   | Noticed Maggie
 14157 | Lair:2   | Killed Maggie
 14223 | Lair:2   | Found a transporter.
 14286 | Lair:2   | Reached skill level 15 in Stealth
 14348 | Lair:2   | Found a transporter.
 15548 | Lair:3   | Reached XP level 14. HP: 77/77 MP: 15/15
 15612 | Lair:3   | Found a staircase to the Shoals.
 15618 | Lair:3   | Reached skill level 15 in Unarmed Combat
 15671 | Lair:3   | Found a frozen archway.
 15705 | IceCv    | Entered an ice cave
 16063 | IceCv    | Identified the +7 quarterstaff of Eplewn {venom, Str+4
                  | Dex+6}
 16067 | IceCv    | Identified the ring of Ostremp {rElec rPois rC+ Will+++
                  | Dex-3}
 16332 | Lair:3   | Reached skill level 17 in Dodging
 16428 | Lair:3   | Found a hole to the Spider Nest.
 17031 | Lair:4   | Reached skill level 18 in Dodging
 17594 | Lair:5   | Entered Level 5 of the Lair of Beasts
 17616 | Lair:5   | Reached skill level 19 in Dodging
 18074 | Lair:5   | Reached skill level 20 in Dodging
 18096 | Lair:5   | Reached ****** piety under Trog
 18370 | Lair:5   | Reached skill level 1 in Shapeshifting
 18474 | Lair:5   | Reached XP level 15. HP: 80/80 MP: 13/16
 18803 | Lair:5   | Found a staircase to the Slime Pits.
 19113 | D:15     | Entered Level 15 of the Dungeon
 19178 | D:15     | Found Alaig's Book Boutique.
 19223 | D:15     | HP: 1/120 [six-headed hydra (11)]
 19343 | D:15     | HP: 5/120 [dire elephant (36)]
 19353 | D:15     | Found a runed translucent door.
 19380 | D:15     | Reached skill level 5 in Shapeshifting
 19521 | D:15     | Bought a manual of Unarmed Combat for 1120 gold pieces
 19534 | D:15     | Found a staircase to the Depths.
 19901 | D:15     | Identified the +3 leather armour of a Gauntlet {+Blink rF++
                  | rC+ Dex+2}
 19977 | Orc:1    | Entered Level 1 of the Orcish Mines
 20165 | Orc:1    | Found a runed translucent gate.
 20165 | Orc:1    | Found a runed translucent gate.
 20169 | Orc:1    | Found a runed translucent gate.
 20180 | Orc:1    | Noticed Naphax's ghost (journeyman TrMo)
 20251 | Orc:1    | Found an iron altar of Okawaru.
 20441 | Orc:2    | Entered Level 2 of the Orcish Mines
 20442 | Orc:2    | Found a staircase to the Elven Halls.
 20444 | Orc:2    | Noticed Azrael
 20457 | Orc:2    | Killed Azrael
 20565 | Orc:2    | Found Igennaz's General Store.
 20588 | Orc:2    | Noticed Jorgrun
 20598 | Orc:2    | Killed Jorgrun
 20627 | Orc:2    | Found Vegoer's Armour Emporium.
 20643 | Orc:2    | Found Quhugy's Antique Weapon Shoppe.
 20676 | Orc:2    | Found Zeeram's General Store.
 20677 | Orc:2    | Found Awam's Magic Scroll Emporium.
 21061 | Orc:2    | Found Iloidd's General Store.
 21124 | Orc:2    | Bought a scroll of teleportation for 42 gold pieces
 21124 | Orc:2    | Bought a scroll of blinking for 105 gold pieces
 21565 | Orc:2    | Found Pokhog's Antique Armour Boutique.
 21565 | Orc:2    | Found Muisut's Jewellery Shop.
 21566 | Orc:2    | Found a one-way gate leading to the halls of Pandemonium.
 22026 | Shoals:1 | Entered Level 1 of the Shoals
 22026 | Shoals:1 | Noticed Louise
 22077 | Shoals:1 | Killed Louise
 22084 | Shoals:1 | Noticed Mlioglotl
 22196 | Shoals:1 | Noticed a tentacled starspawn
 22197 | Shoals:1 | Mangled by a merfolk
 22197 | Shoals:1 | Lost a life (1 life remaining)
 22368 | Shoals:1 | Killed Mlioglotl
 22453 | Shoals:1 | Mangled by a merfolk impaler
 22453 | Shoals:1 | Lost a life (0 lives remaining)
 22454 | Shoals:1 | Upgraded the game from 0.31.0-12-g77e489cdc1 to
                  | 0.31.0-32-g396128a36d
 22561 | Shoals:1 | Reached XP level 16. HP: 84/85 MP: 17/17
 22561 | Shoals:1 | Gained a life (1 life remaining)
 23010 | Shoals:1 | Identified the +0 tower shield "Etwidgh" {Regen+ Int+4}
 23027 | Shoals:1 | HP: 2/127 [poisoned by a sea snake]
 23028 | Shoals:1 | Succumbed to a sea snake's poison
 23028 | Shoals:1 | Lost a life (0 lives remaining)
 23315 | Shoals:1 | HP: 3/127 [merfolk/+0 trident (17)]
 23662 | Shoals:2 | Mangled by a merfolk

Illustrated notes

Levels and vault maps discovered:
D:1:      minmay_arrival_hallway, layout_basic, minmay_misc_feat_square
D:2:      layout_rooms, basic_altar
D:3:      kennysheep_six_static_rooms, layout_rooms,
          hellmonk_okawaru_the_only_friend_you_need,
          nicolae_ecumenical_lake_church, serial_bayou_pond_b,
          kennysheep_decorative_pillar, st_stairs_10
D:4:      layout_basic, cheibrodos_worm_habitat,
          chequers_temple_overflow_statue_of_worship,
          nicolae_ossuary_entry_false_entrances
D:5:      layout_cave_pools, lemuel_round_altar, lemuel_blue_sif_altar,
          kennysheep_little_box, serial_undead, serial_undead_d,
          serial_undead_e, serial_undead_c, serial_undead_d
D:6:      layout_loops_corners, mainiacjoe_overflow_alcove_4,
          minmay_temple_entry_mist, mainiacjoe_sewer_entry_somewhere_in_here_1,
          grunt_decor_junction
D:7:      layout_cave_pods, nicolae_gozag_cash_rules_everything_around_me,
          uniq_duvessa, uniq_prince_ribbit1
D:8:      nzn_winding_woodlands_cross [nzn_winding_woodlands_5x15_pool,
          nzn_winding_woodlands_5x15_pockets, nzn_winding_woodlands_5x15_parted,
          nzn_winding_woodlands_5x15_river_crossing,
          nzn_winding_woodlands_15x15_boxy_spiral], layout_basic, zin_purify,
          serial_shops, nicolae_shop_advertising_works
          [nicolae_subvault_shop_adworks], nicolae_diode_intersection,
          uniq_psyche
D:9:      layout_roguey, grunt_temple_overflow_growth_and_decay,
          due_lair_maze_entry_diamond, minivault_27, uniq_erica
D:10:     layout_long_grid, serial_rivers, chequers_serial_rivers_micro_c,
          chequers_serial_rivers_small_b, chequers_serial_rivers_large_a,
          chequers_serial_rivers_room_a, serial_shops, shop
D:11:     layout_basic, serial_library_hellmonk_semicircle
D:12:     layout_loops_cross, orc_0_dummy, vehumet_statue
D:13:     layout_basic, hangedman_vaults_entry_quadrant_bands
D:14:     layout_basic, abandoned_shop
D:15:     hangedman_depths_entry_try_elsewhere_first, layout_rooms,
          nicolae_benzene_ring, serial_shops, nicolae_book_shop_shelving,
          lightli_airlock
Lair:1:   layout_loops_ring, chequers_serial_rivers_large_b,
          eino_small_chamber_without_monster, gammafunk_lair_bear_cave
Lair:2:   gammafunk_cloud_chamber, layout_loops_ring, grunt_megastairs_5,
          serial_bayou_shore_a, uniq_maggie
Lair:3:   layout_long_grid, minmay_shoals_entry_hut,
          hellmonk_spider_entry_not_the_bees,
          portal_ice_cave_entry_ice_simulacra, pond, infiniplex_staircase_pool_2
Lair:4:   layout_long_grid, amcnicky_mini_pool_medium, grunt_megastairs_4
Lair:5:   evilmike_catoblepas_cave, layout_cave_shapes, slime_entry_1,
          chequers_serial_rivers_micro_d, worms_lemuel
Shoals:1: layout_shoals, nicolae_shoals_mertower, uniq_mlioglotl, uniq_louise
Shoals:2: dreamdust_from_the_deep, layout_shoals, serial_shops,
          nicolae_shop_stone
Orc:1:    layout_caves, gammafunk_ghost_fury_of_okawaru
Orc:2:    pf_orc_diabolical, layout_diamond_mine, serial_shops,
          nicolae_shop_getting_attention, shop, shop,
          nicolae_shop_pleasant_corner_grove, nicolae_orc_quarried_blocks,
          uniq_azrael, uniq_jorgrun

Skill      XL: |  1  2  3  4  5  6  7  8  9 10 11 12 13 14 15 16 |
---------------+-------------------------------------------------+-----
Stealth        | 1 2 3 4 6 9 10 13 15 | 15.0
Unarmed Combat | 4 5 6 7 9 10 11 14 15 19 | 19.3
Dodging        | 6 9 10 11 13 15 16 20 | 20.4
Fighting       | 6 8 10 | 10.0
Evocations     | 4 5 10 12 13 | 13.2
Shapeshifting  | 2 5 6 |  6.2

Action                     |  1- 3 |  4- 6 |  7- 9 | 10-12 | 13-15 | 16-18 || total
---------------------------+-------+-------+-------+-------+-------+-------++-------
  Melee: Unarmed           |    93 |   157 |   312 |   818 |  1837 |   141 ||  3358
         Punch             |     2 |     4 |     9 |    62 |   215 |    22 ||   314
         Bite              |     3 |    17 |    44 |   122 |   289 |    24 ||   499
 Invoke: Berserk           |       |     5 |     7 |    14 |    27 |     6 ||    59
         Trog's Hand       |       |     1 |     2 |     6 |     9 |     4 ||    22
         Brothers in Arms  |       |       |       |       |     1 |       ||     1
  Evoke: Wand              |       |       |     2 |     7 |     3 |       ||    12
         Condenser vane    |       |       |       |       |     1 |       ||     1
    Use: Scroll            |     4 |     4 |     8 |    12 |    13 |     1 ||    42
         Potion            |       |       |       |     1 |     4 |     1 ||     6
   Stab: Sleeping          |    10 |     6 |    11 |    17 |    40 |     1 ||    85
         Paralysed         |       |       |     1 |     2 |       |       ||     3
         Distracted        |       |       |       |     1 |     8 |       ||     9
         Petrified         |       |       |       |       |     1 |       ||     1
         Invisible         |       |       |       |       |     4 |       ||     4
 Armour: Skin              |    12 |    50 |    88 |   213 |   455 |    69 ||   887
  Dodge: Dodged            |    72 |    92 |   339 |   921 |  2355 |   214 ||  3993
